 Dungeon Crawl Stone Soup version 0.28.0-53-g5a82cb258f (webtiles) character file.

Game seed: 12111531491679181838

1760 issech the Cleaver (level 8, -7/63 HPs)
             Began as a Minotaur Monk on June 17, 2022.
             Was an Elder of Hepliaklqana.
             Mangled by Joseph
             ... wielding a +1 spectral quarterstaff
              (13 damage)
             ... on level 7 of the Dungeon.
             The game lasted 00:15:16 (6286 turns).

issech the Cleaver (Minotaur Monk)                  Turns: 6286, Time: 00:15:17

Health: -7/63      AC:  8    Str: 17    XL:     8   Next: 79%
Magic:  7/7        EV:  9    Int: 13    God:    Hepliaklqana [****..]
Gold:   315        SH: 14    Dex: 17    Spells: 7/7 levels left

rFire   . . .      SeeInvis .   s - +0 war axe
rCold   x . .      Faith    .   c - +0 tower shield
rNeg    + . .      Spirit   .   e - +0 ring mail
rPois   +          Reflect  .   (helmet restricted)
rElec   .          Harm     .   v - +0 cloak
rCorr   .          Rampage  .   j - +0 pair of gloves
Will    .....                   (no boots)
Stlth   ++........              (no amulet)
HPRegen 0.20/turn               o - ring of poison resistance
MPRegen 0.10/turn               a - ring "Viaso" {rC- rN+ Int+6 Dex+3}

@: no status effects
A: reduced essence, horns 2, retaliatory headbutt
a: Renounce Religion, Recall Ancestor, Ancestor Identity, Transference, Idealise


You were on level 7 of the Dungeon.
You worshipped Hepliaklqana.
Hepliaklqana was greatly pleased with you.
You visited 2 branches of the dungeon, and saw 8 of its levels.

You collected 315 gold pieces.

Inventory:

Hand Weapons
 s - a +0 war axe (weapon)
 D - a +0 hunting sling
Missiles
 b - 71 sling bullets
 g - 373 stones (quivered)
 k - 5 poisoned darts
 p - 3 javelins
 C - 84 arrows
 E - 4 curare-tipped darts
Armour
 c - a +0 tower shield (worn)
 e - a +0 ring mail (worn)
 j - a +0 pair of gloves (worn)
 v - a +0 cloak (worn)
Jewellery
 a - the ring "Viaso" (right hand) {rC- rN+ Int+6 Dex+3}
   (You found it on level 6 of the Dungeon)

   [ring of intelligence]

   Int:       It affects your intelligence (+6).
   Dex:       It affects your dexterity (+3).
   rC:        It makes you vulnerable to cold.
   rN:        It protects you from negative energy.
 o - a ring of poison resistance (left hand)
Wands
 H - a wand of flame (5)
Scrolls
 l - 3 scrolls of fog
 m - 2 scrolls of holy word
 q - 3 scrolls of fear
 t - 2 scrolls of teleportation
 u - 3 scrolls of noise
 w - a scroll of brand weapon
 y - a scroll of vulnerability {unknown}
 F - a scroll of silence {unknown}
 G - a scroll of identify
Potions
 d - 2 potions of curing {unknown}
 f - 2 potions of heal wounds {unknown}
 h - 3 potions of might {unknown}
 i - 2 potions of haste {unknown}
 n - 2 potions of brilliance {unknown}
 r - 3 potions of magic {unknown}
 x - a potion of cancellation {unknown}
 z - a potion of ambrosia {unknown}
 A - 2 potions of lignification {unknown}
 B - a potion of degeneration {unknown}


   Skills:
 + Level 6.3 Fighting
 + Level 8.7 Axes
 + Level 1.0 Slings
 + Level 5.9 Armour
 + Level 5.1 Dodging
 + Level 2.4 Stealth
 + Level 5.2 Shields


You had 7 spell levels left.
You didn't know any spells.
Your spell library contained the following spells:

 Spells                   Type           Power      Damage    Failure   Level
 Ozocubu's Armour         Ice            0%         N/A       100%        3
 Metabolic Englaciation   Hex/Ice        0%         N/A       100%        5
 Simulacrum               Ice/Necr       0%         N/A       100%        6


Dungeon Overview and Level Annotations

Branches:
Dungeon (7/15)             Temple (1/1) D:6

Altars:
Ashenzari
Cheibriados
Dithmenos
Elyvilon
Fedhas
Gozag
Hepliaklqana
Kikubaaqudgha
Makhleb
Nemelex Xobeh
Okawaru
Qazlal
Ru
Sif Muna
Trog
Wu Jian
Xom
Yredelemnul
The Shining One

Shops:
D:5 *

Annotations:
D:7 Joseph


Innate Abilities, Weirdness & Mutations

Your life essence is reduced to manifest your ancestor. (-10% HP)
You have a pair of horns on your head.
You reflexively headbutt those who attack you in melee.


Message History

Found 25 stones.
H - a wand of flame (5)
You swap places.
g - 373 stones (gained 25)
Found a war axe.
Found a stone staircase leading down.
Found 13 gold pieces.
You now have 315 gold pieces (gained 13).
You swap places.
You see here a +0 war axe.
You can no longer heal and protect your ancestor.
You swap places.
You open the door.
You can now heal and protect your ancestor.
Joseph, a Mercenary comes into view.
He is wielding a +1 spectral quarterstaff, wearing a +0 leather armour of fire resistance and carrying a wand of polymorph (7).
Joseph shouts!
Joseph unwields a +1 spectral quarterstaff.
Joseph wields a +1 hunting sling of freezing.
It is covered in frost.
Joseph shoots a sling bullet.
The sling bullet hits you! The sling bullet freezes you.
Joseph shoots a sling bullet.
You block the sling bullet.
There is an open door here.
Joseph shoots a sling bullet.
The sling bullet hits you! The sling bullet freezes you.
Joseph shoots a sling bullet.
You block the sling bullet.
Joseph shoots a sling bullet.
You block the sling bullet.
Joseph shoots a sling bullet.
The sling bullet hits you! The sling bullet freezes you!
* * * LOW HITPOINT WARNING * * *
Joseph unwields a +1 hunting sling of freezing.
Joseph wields a +1 spectral quarterstaff.
Joseph hits you with a +1 spectral quarterstaff!
* * * LOW HITPOINT WARNING * * *
You hit Joseph.
Joseph is lightly wounded.
Joseph zaps a wand.
You resist with some effort.
You slash Joseph! You headbutt Joseph, but do no damage.
Joseph is lightly wounded.
Joseph hits you with a +1 spectral quarterstaff!
You die...

....
#..........##.#.#
..
.####....#####.#.#
.................#
..###########.#..#
#)#.># #.##.#
######### #.##.#
#.......# #.##.#
#.@@....# #.##.#
#..R....# #.##.#
#.......# #.##.#
#.......# #.##.#
#.......###.##.#
#.........'......#
###.......###.####
#.......# #.#
#.......# #.#


You could see the friendly Amenemopet the battlemage and Joseph (ally target).

Vanquished Creatures
  A steam dragon (D:7)
  2 water moccasins
  A black bear (D:4)
  A sky beast (D:5)
  A wyvern zombie (D:3)
  A bullfrog zombie (D:4)
  A jelly (D:4)
  A bullfrog skeleton (D:4)
  An iguana (D:5)
  A hound skeleton (D:4)
  5 gnolls
  9 adders
  An ufetubus (D:5)
  An adder skeleton (D:5)
  2 worms
  4 dart slugs
  4 orcs
  6 ball pythons
  6 endoplasms
  4 giant cockroaches
  10 goblins
  8 hobgoblins
  3 jackals (D:1)
  4 quokkas
  8 bats
  4 frilled lizards
  7 kobolds
  6 rats
103 creatures vanquished.

Vanquished Creatures (collateral kills)
  A water moccasin (D:6)
  An ogre (D:5)
  A bullfrog (D:6)
  3 scorpions
  A water moccasin zombie (D:5)
  A bullfrog zombie (D:6)
  2 hounds
  A centaur skeleton (D:6)
  An orc priest (D:6)
  A bullfrog skeleton (D:5)
  3 iguanas
  A hound skeleton (D:5)
  A howler monkey skeleton (D:5)
  5 gnolls (D:6)
  An adder (D:6)
  A kobold (D:4)
25 creatures vanquished.

Grand Total: 128 creatures vanquished

Notes
Turn   | Place    | Note
-------+----------+-------------------------------------------
     0 | D:1      | issech the Minotaur Monk began the quest for the Orb.
     0 | D:1      | Reached XP level 1. HP: 19/19 MP: 0/0
   196 | D:1      | Reached XP level 2. HP: 26/27 MP: 1/1
   336 | D:1      | Found a faded altar of an unknown god.
   342 | D:1      | Reached skill level 4 in Axes
   547 | D:1      | Reached XP level 3. HP: 30/33 MP: 2/2
  1385 | D:2      | Reached skill level 1 in Armour
  1433 | D:2      | Reached XP level 4. HP: 30/41 MP: 3/3
  1622 | D:3      | Reached skill level 1 in Shields
  2021 | D:3      | Reached XP level 5. HP: 47/47 MP: 4/4
  2512 | D:3      | Reached skill level 5 in Axes
  2822 | D:4      | Reached XP level 6. HP: 41/55 MP: 5/5
  2961 | D:4      | Reached skill level 5 in Fighting
  2988 | D:4      | Reached skill level 6 in Axes
  3231 | D:4      | Found a snail-covered altar of Cheibriados.
  3241 | D:4      | Found a blossoming altar of Fedhas.
  3241 | D:4      | Found a glowing golden altar of the Shining One.
  3252 | D:4      | Found an ornate altar of the Wu Jian Council.
  3254 | D:4      | Found a stormy altar of Qazlal.
  3303 | D:4      | Found a hazy altar of Hepliaklqana.
  3305 | D:4      | Found a shimmering altar of Xom.
  3306 | D:4      | Noticed a spectral ugly thing
  3310 | D:4      | Became a worshipper of Hepliaklqana the Forgotten
  3310 | D:4      | Reached * piety under Hepliaklqana
  3310 | D:4      | Reached ** piety under Hepliaklqana
  3311 | D:4      | Remembered your ancestor Amenemopet as a battlemage
  3483 | D:4      | Noticed a water moccasin
  3489 | D:4      | Killed a water moccasin
  3490 | D:4      | Reached XP level 7. HP: 51/54 MP: 6/6
  3625 | D:5      | Entered Level 5 of the Dungeon
  3844 | D:5      | Reached skill level 7 in Axes
  4083 | D:5      | Found Ojeos's General Store.
  4249 | D:5      | Reached *** piety under Hepliaklqana
  4424 | D:5      | Reached XP level 8. HP: 63/63 MP: 7/7
  4579 | D:6      | Reached skill level 5 in Armour
  4641 | D:6      | Reached skill level 8 in Axes
  4746 | D:6      | Identified the ring "Viaso" {rC- rN+ Int+6 Dex+3}
  4749 | D:6      | Reached skill level 5 in Dodging
  4881 | D:6      | Found a staircase to the Ecumenical Temple.
  4888 | Temple   | Entered the Ecumenical Temple
  5443 | D:6      | Reached skill level 5 in Shields
  5639 | D:6      | Reached **** piety under Hepliaklqana
  6035 | D:7      | Reached skill level 1 in Slings
  6278 | D:7      | Noticed Joseph
  6286 | D:7      | Mangled by Joseph

Illustrated notes

Levels and vault maps discovered:
D:1:      roderic_dead_forest, layout_basic, hellmonk_ecumenical_altar_blasted,
          st_stairs_4, minmay_hexomino_f4
D:2:      layout_rooms, minmay_quadrilaterals
D:3:      layout_loops_cross, st_stairs_1, minmay_misc_feat_four_crosses,
          kennysheep_generic_room_10
D:4:      layout_rooms, regret_index_temple_of_mockery,
          minmay_overflow_temple_star_hex
D:5:      layout_cave_pods, serial_shops, shop
D:6:      layout_basic, minmay_temple_entry_proselytizer
D:7:      layout_basic, nicolae_vehumet_altar_sigil, uniq_joseph
Temple:   minmay_temple_forest_path

Skill      XL: |  1  2  3  4  5  6  7  8 |
---------------+-------------------------+-----
Fighting       | 4 5 6 |  6.3
Axes           | 4 5 6 7 8 |  8.7
Armour         | 1 2 3 4 5 |  5.9
Dodging        | 4 5 |  5.1
Shields        | 1 2 3 4 5 |  5.2
Stealth        | 2 |  2.4
Slings         | 1 |  1.0

Action                   |  1- 3 |  4- 6 |  7- 9 || total
-------------------------+-------+-------+-------++-------
Melee: Hand axe          |    74 |    56 |       ||   130
       Headbutt          |    13 |    25 |    18 ||    56
       War axe           |       |    88 |    50 ||   138
 Fire: Hunting sling     |       |       |     9 ||     9
Invok: Ancestor Life: Ba |       |     1 |       ||     1
  Use: Scroll            |       |       |     6 ||     6
 Stab: Sleeping          |       |     1 |     1 ||     2
Armor: Robe              |     6 |       |       ||     6
       Ring mail         |    34 |    66 |    20 ||   120
Dodge: Dodged            |    34 |    69 |    22 ||   125
Block: Tower shield      |    36 |   131 |    49 ||   216
